 Dungeon Crawl Stone Soup version 0.28-a0-983-g1de4e0787c (webtiles) character file.

Game seed: 14101172645612407733

376890 siradein the Warrior (level 21, -3/196 HPs)
             Began as a Minotaur Hunter on Dec 2, 2021.
             Was an Elder of Okawaru.
             Slain by a jiangshi (illusionary) (8 damage)
             ... led by a vampire mage
             ... on level 1 of the Depths.
             The game lasted 03:46:38 (57967 turns).

siradein the Warrior (Minotaur Hunter)             Turns: 57967, Time: 03:46:39

Health: -3/196     AC: 25    Str: 24    XL:     21   Next: 81%
Magic:  13/13      EV: 24    Int: 14    God:    Okawaru [****..]
Gold:   2126       SH:  0    Dex: 20    Spells: 16/20 levels left

rFire   + . .      SeeInvis .   V - +7 great mace "Oziosoy" {antimagic, rElec Dex+5}
rCold   + + .      Faith    .   (shield currently unavailable)
rNeg    + + +      Spirit   .   i - +4 Cigotuvi's embrace {rMiasma Drain rN+}
rPois   .          Reflect  .   N - +0 hat of Recklessness {MP+9}
rElec   +          Harm     .   I - +2 cloak {rCorr}
rCorr   +          Rampage  .   T - +2 pair of gloves {Stlth+}
Will    ++++.      Clarity  +   Y - +2 pair of boots
Stlth   +++.......              W - amulet of the Four Winds {rN+ Will+++ Clar}
HPRegen 0.42/turn               Z - ring of Suspected Treachery {rF+ rC++ rN+ Int+6}
MPRegen 0.13/turn               g - +4 ring of protection

@: flayed, studying Axes
A: horns 2, retaliatory headbutt
}: 2/15 runes: decaying, gossamer
a: Renounce Religion, Heroism, Finesse


You were on level 1 of the Depths.
You worshipped Okawaru.
Okawaru was greatly pleased with you.
You visited 8 branches of the dungeon, and saw 37 of its levels.
You also visited: Trove, Gauntlet, Ice Cave and Volcano.

You collected 4613 gold pieces.
You spent 2487 gold pieces at shops.

Inventory:

Hand Weapons
 y - the +6 eveningstar of Ancient Evil {vorpal, +Blink Str+4}
   (Okawaru gifted it to you on level 1 of the Vaults)

   It inflicts extra damage upon your enemies.
   Str:       It affects your strength (+4).
   +Blink:    It lets you blink.
 U - a +9 longbow of venom
 V - the +7 great mace "Oziosoy" (weapon) {antimagic, rElec Dex+5}
   (You bought it in a shop on level 2 of the Orcish Mines)

   It reduces the magical energy of the wielder, and disrupts the spells and
   magical abilities of those it strikes.
   Natural abilities and divine invocations are not affected.
   Dex:       It affects your dexterity (+5).
   rElec:     It insulates you from electricity.
Missiles
 d - 888 arrows
 q - 3 throwing nets (quivered)
Armour
 i - the +4 Cigotuvi's embrace (worn) {rMiasma Drain rN+}
   (You found it in a treasure trove)

   It gathers nearby corpses to temporarily increase the armour it provides.
   It protects you from foul pestilence.
   rN:        It protects you from negative energy.
   Drain:     It drains your maximum health when unequipped.
 I - a +2 cloak of preservation (worn)
 M - the +27 Lear's hauberk
   (You took it off an orc priest on level 9 of the Dungeon)
 N - the +0 hat of Recklessness (worn) {MP+9}
   (You found it in a treasure trove)

   MP:        It affects your magic capacity (+9).
 T - a +2 pair of gloves of stealth (worn)
 Y - a +2 pair of boots (worn)
Jewellery
 g - a +4 ring of protection (right hand)
 t - an amulet of reflection
 C - the amulet "Noiczedgh" {RegenMP Harm rF+ rC- Str+6}
   (You found it in a treasure trove)

   [amulet of magic regeneration]

   It increases your rate of magic regeneration.
   Str:       It affects your strength (+6).
   rF:        It protects you from fire.
   rC:        It makes you vulnerable to cold.
   Harm:      It increases damage dealt and taken.
 D - the amulet "Daejuw" {rElec Regen+}
   (You acquired it on level 2 of the Vaults)

   [amulet of regeneration]

   rElec:     It insulates you from electricity.
   Regen:     It increases your rate of health regeneration.
 W - the amulet of the Four Winds (around neck) {rN+ Will+++ Clar}
   (You found it in an ice cave)

   [amulet of nothing]

   rN:        It protects you from negative energy.
   Clar:      It protects you against confusion.
   Will:      It greatly increases your willpower.
 Z - the ring of Suspected Treachery (left hand) {rF+ rC++ rN+ Int+6}
   (You took it off a minotaur in a Gauntlet)

   [ring of intelligence]

   Int:       It affects your intelligence (+6).
   rF:        It protects you from fire.
   rC:        It greatly protects you from cold.
   rN:        It protects you from negative energy.
Wands
 a - a wand of mindburst (24)
 l - a wand of acid (7)
 o - a wand of flame (66)
 J - a wand of iceblast (51)
 L - a wand of polymorph (30)
 P - a wand of paralysis (15)
 R - a wand of digging (14)
Scrolls
 b - 3 scrolls of identify
 c - 6 scrolls of silence
 e - 11 scrolls of immolation
 f - a scroll of holy word
 j - 13 scrolls of teleportation
 n - 3 scrolls of enchant armour
 s - 10 scrolls of magic mapping
 u - 10 scrolls of blinking
 w - 8 scrolls of fog
 B - a scroll of brand weapon
 G - 4 scrolls of fear
 S - 4 scrolls of amnesia
Potions
 h - 9 potions of mutation
 m - 14 potions of heal wounds
 p - 6 potions of curing
 r - 3 potions of cancellation
 v - 8 potions of might
 x - 3 potions of lignification
 z - 8 potions of haste
 A - 2 potions of berserk rage
 E - 5 potions of brilliance
 F - 11 potions of ambrosia
 H - 8 potions of flight {unknown}
 K - 3 potions of magic {unknown}
 Q - a potion of invisibility {unknown}
Miscellaneous
 k - a condenser vane
 O - a phial of floods
 X - a tin of tremorstones (2/2)


   Skills:
 + Level 18.8 Fighting
 - Level 0.1(12.0) Axes
 + Level 18.2 Maces & Flails
 - Level 2.0 Polearms
 + Level 17.7 Bows
 + Level 18.5 Armour
 + Level 17.4 Dodging
 - Level 0.7 Stealth
 + Level 1.9 Translocations
 + Level 2.0 Transmutations
 + Level 15.2 Invocations
 + Level 2.8 Evocations


You had 16 spell levels left.
You knew the following spells:

 Your Spells              Type           Power      Damage    Failure   Level
a - Blink                 Tloc           10%        N/A       22%         2
b - Wereblood             Tmut           5%         N/A       21%         2

Your spell library contained the following spells:

 Spells                   Type           Power      Damage    Failure   Level
 Pain                     Necr           0%         1d4       30%         1
 Slow                     Hex            0%         N/A       30%         1
 Gell's Gravitas          Tloc           5%         N/A       38%         3
 Teleport Other           Tloc           5%         N/A       38%         3
 Corpse Rot               Necr/Air       0%         N/A       43%         2
 Ensorcelled Hibernation  Hex/Ice        0%         N/A       43%         2
 Poisonous Vapours        Pois/Air       0%         N/A       43%         2
 Sublimation of Blood     Necr           0%         N/A       43%         2
 Spider Form              Tmut/Pois      2%         N/A       52%         3
 Portal Projectile        Hex/Tloc       4%         N/A       54%         3
 Confusing Touch          Hex            0%         N/A       67%         3
 Dazzling Flash           Conj/Hex       0%         N/A       67%         3
 Inner Flame              Hex/Fire       0%         N/A       67%         3
 Ozocubu's Armour         Ice            0%         N/A       67%         3
 Vampiric Draining        Necr           0%         2d6       67%         3
 Petrify                  Tmut/Erth      2%         N/A       90%         4
 Iskenderun's Mystic Bla  Conj/Tloc      2%         2d3       91%         4
 Flame Wave               Conj/Fire      0%         2d4       97%         4
 Fulminant Prism          Conj/Hex       0%         3d6       97%         4
 Blade Hands              Tmut           2%         N/A       98%         5
 Irradiate                Conj/Tmut      1%         3d13      99%         5
 Agony                    Necr           0%         N/A       100%        5
 Excruciating Wounds      Necr           0%         N/A       100%        5
 Freezing Cloud           Conj/Ice/Air   0%         6-21      100%        5
 Iskenderun's Battlesphe  Conj           0%         2d6       100%        5
 Lee's Rapid Deconstruct  Erth           0%         3d5*      100%        5
 Metabolic Englaciation   Hex/Ice        0%         N/A       100%        5
 Dispersal                Tloc           2%         N/A       100%        6
 Eringya's Noxious Bog    Tmut/Pois      1%         N/A       100%        6
 Statue Form              Tmut/Erth      1%         N/A       100%        6
 Orb of Destruction       Conj           0%         N/A       100%        7
 Storm Form               Tmut/Air       1%         N/A       100%        7
 Disjunction              Tloc           2%         N/A       100%        8
 Ignition                 Fire           0%         3d3       100%        8
 Maxwell's Capacitive Co  Air            0%         ∞         100%        8
 Chain Lightning          Conj/Air       0%         N/A       100%        9
 Fire Storm               Conj/Fire      0%         5d1       100%        9
 Shatter                  Erth           0%         3d5*      100%        9
 Animate Skeleton         Necr           Unusable   N/A       N/A         1
 Summon Guardian Golem    Hex/Summ       Unusable   N/A       N/A         3
 Summon Lightning Spire   Summ/Air       Unusable   N/A       N/A         4
 Simulacrum               Ice/Necr       Unusable   N/A       N/A         6
 Spellforged Servitor     Conj/Summ      Unusable   N/A       N/A         7

Dungeon Overview and Level Annotations

Branches:
Dungeon (15/15)            Temple (1/1) D:6            Lair (6/6) D:11
  Swamp (4/4) Lair:3       Spider (4/4) Lair:3        Slime (0/5) Lair:5
    Orc (2/2) D:10            Elf (0/3) Orc:2        Vaults (4/5) D:13
  Crypt (0/3) Vaults:2     Depths (1/4) D:15          IceCv (visited)
Volcano (visited)         Gauntlet (visited)

Altars:
Ashenzari
Cheibriados
Dithmenos
Elyvilon
Fedhas
Gozag
Hepliaklqana
Kikubaaqudgha
Makhleb
Nemelex Xobeh
Okawaru
Qazlal
Ru
Sif Muna
Trog
Uskayaw
Vehumet
Wu Jian
Xom
Yredelemnul
Zin
The Shining One
Beogh

Shops:
D:8 *   D:10 !   D:13 *   Orc:2 =*([   Vaults:3 *

Portals:
Ziggurat: Depths:1


Innate Abilities, Weirdness & Mutations

You have a pair of horns on your head.
You reflexively headbutt those who attack you in melee.


Message History

The jiangshi is heavily damaged.
A fire giant comes into view.
It is wielding a +0 great sword of flaming.
The ice dragon breathes frost at you.
The blast of cold misses the jiangshi.
The blast of cold hits you!! You resist.
You bludgeon the jiangshi!! You headbutt the jiangshi.
You destroy the jiangshi!
Okawaru accepts your kill.
The flayed ghost stares at you with tortured malice.
Terrible wounds open up all over your body!
The jiangshi claws you!
The jiangshi claws you but does no damage.
The flayed ghost cries, "Suffer as I suffered!"
Terrible wounds spread across more of your body!
You bludgeon the ice dragon!! Your headbutt misses the ice dragon.
The ice dragon is moderately wounded.
The ice dragon closely misses you. x2; The ice dragon misses you.
The fire giant hits you but does no damage.
The ice dragon bites you.
The ice dragon completely misses you. x2
The fire giant hits you but does no damage.
The ice dragon breathes frost at you. The blast of cold hits you. You resist.
You beat the fire giant like a drum!!!
The fire giant's magic leaks into the air.
You headbutt the fire giant.
The fire giant is heavily wounded.
The fire giant hits you with a +0 great sword of flaming!
* * * LOW HITPOINT WARNING * * *
The fire giant burns you.
* * * LOW HITPOINT WARNING * * *
The fire giant points at you and mumbles some strange words.
The bolt of fire hits you! You resist.
* * * LOW HITPOINT WARNING * * *
You hear some strange, mumbled words.
Found a hand axe.
The fire giant points at you and mumbles some strange words.
The bolt of fire hits you!! You resist.
* * * LOW HITPOINT WARNING * * *
The jiangshi claws you but does no damage. x2
The jiangshi claws you!
You die...

.## ..# ....
..... #.....
#########......
#...@V.........
#.#.#V#.#.#....#
#.#)#.#.#....#
#.#.#.#.#....#
#.#W#C#.#....#
..#.#.#i#D#....#
......!.zz..!..#
.######.##.z..[#
#...M....#


You could see 2 jiangshi and a wraith (summoned).

Vanquished Creatures
  the Lernaean hydra (Swamp:4)
  Jorgrun (Orc:2)
  A thorn hunter (Swamp:4)
  2 sphinxes (Vaults:2)
  Kirke (Swamp:2)
  Roxanne (Swamp:4)
  The ghost of SirDiesAlot the Fighter, a journeyman MiDe of Okawaru (Orc:2)
  4 emperor scorpions
  6 vault wardens
  5 ghost moths
  2 orc warlords
  A stone giant (Vaults:4)
  15 ironbound preservers
  9 very ugly things
  A quicksilver ooze (Lair:6)
  Nessos (Lair:6)
  12 dire elephants
  Azrael (Orc:2)
  8 entropy weavers
  A minotaur (Gauntlet)
  An eleionoma (Swamp:3)
  7 bunyips
  A red draconian (Volcano)
  2 spark wasps (Spider:4)
  2 jiangshi (Depths:1)
  Snorg (Lair:6)
  An ettin (D:15)
  A crystal guardian (Vaults:4)
  6 yaktaur captains
  The ghost of AltoTato the Cleaver, a journeyman DrBe of Trog (Orc:2)
  9 ironbound thunderhulks
  2 great orbs of eyes
  6 vault guards
  5 boulder beetles
  2 caustic shrike simulacra (IceCv)
  A peacekeeper (Vaults:4)
  28 hydras
  2 ogre magi
  2 catoblepae
  6 centaur warriors
  7 ironbound frosthearts
  3 death knights
  A ghost crab (Swamp:4)
  15 two-headed ogres
  8 alligators
  10 death yaks
  7 tengu warriors
  A deep troll shaman (Lair:6)
  An orc high priest (Orc:2)
  A spriggan berserker (Swamp:4)
  13 hell knights
  6 goliath frogs
  2 flayed ghosts
  A skeletal warrior (D:15)
  A glowing orange brain (Vaults:1)
  2 orange crystal statues (IceCv)
  2 bog bodies (Swamp:2)
  2 spriggan druids
  26 deep trolls
  5 lindwurms
  A phantasmal warrior (D:14)
  21 ironbound convokers
  6 wizards
  8 swamp dragons (Swamp:4)
  4 deep elf pyromancers
  A deep elf zephyrmancer (D:15)
  3 harpies (Vaults:3)
  4 cyclopes
  2 orc sorcerers
  32 wolf spiders
  21 orb spiders
  30 ugly things
  28 slime creatures
  16 elephants
  5 manticores
  3 moths of wrath
  A will-o-the-wisp (Swamp:2)
  6 black mambas
  Maurice (D:9)
  A guardian serpent (shapeshifter) (D:12)
  A gargoyle (D:10)
  11 vault sentinels
  7 cane toads
  A rime drake (Lair:6)
  5 freezing wraiths
  4 torpor snails
  11 demonic crawlers
  A komodo dragon (shapeshifter) (D:14)
  16 komodo dragons
  2 kobold demonologists (D:14)
  4 golden dragon simulacra (IceCv)
  16 yaktaurs
  5 tengu conjurers
  3 efreet
  2 anaconda simulacra (IceCv)
  10 tyrant leeches
  3 polar bears (Lair:6)
  A wolf spider simulacrum (D:15)
  3 meliai (D:12)
  7 trolls
  40 jumping spiders
  13 hornets
  A queen bee (D:12)
  Prince Ribbit (D:7)
  26 blink frogs
  2 raiju (Gauntlet)
  76 redbacks
  6 spriggans
  5 shadows
  24 tarantellas
  7 wyverns
  3 vampires
  11 wraiths
  33 yaks
  7 humans (Swamp:2)
  2 basilisks
  7 fire elementals
  11 vampire mosquitoes
  14 swamp worms
  7 wargs
  5 harpy simulacra (IceCv)
  8 acid dragons
  An acid dragon (shapeshifter) (Vaults:1)
  16 water moccasins
  A hydra simulacrum (IceCv)
  Duvessa (D:7)
  6 black bears
  11 swamp drakes
  6 hell hounds
  55 orc warriors
  2 ettin simulacra (IceCv)
  3 necrophages
  20 wolves
  6 centaurs
  9 ogres
  7 kobold brigands
  10 bullfrogs
  A gnoll sergeant (D:7)
  3 scorpions
  2 wyvern skeletons (D:7)
  Dowan (D:7)
  A water moccasin skeleton (D:6)
  34 killer bees
  A lindwurm simulacrum (IceCv)
  12 wights
  3 electric eels
  5 howler monkeys
  2 bullfrog zombies
  4 centaur zombies
  5 hounds
  3 bullfrog skeletons (D:6)
  24 orc priests
  6 jellies
  A gnoll shaman (Orc:2)
  A centaur skeleton (D:7)
  9 iguanas
  30 orc wizards
  2 hell rats (Lair:5)
  A lightning spire (Gauntlet)
  A killer bee zombie (D:9)
  3 howler monkey zombies (D:9)
  8 gnolls
  10 adders
  7 river rats (Lair:5)
  5 shadow imps
  3 white imps
  2 ufetubi
  A worm (D:2)
  2 dart slugs
  110 orcs
  5 bats
  6 endoplasms
  5 giant cockroaches
  6 goblins
  6 hobgoblins
  3 jackals (D:4)
  16 kobolds
  5 quokkas
  3 ball pythons
  3 frilled lizards
  2 rats
1407 creatures vanquished.

Vanquished Creatures (others)
  A death yak (Lair:6)
  A spriggan druid (Swamp:1)
  A yaktaur (Vaults:1)
  5 bloated husks
  A swamp drake (Swamp:4)
  A bush (Lair:6)
  2 foxfires (Swamp:2)
  59 fungi
  66 plants
  4 withered plants (Gauntlet)
141 creatures vanquished.

Grand Total: 1548 creatures vanquished

Notes
Turn   | Place    | Note
-------+----------+-------------------------------------------
     0 | D:1      | siradein the Minotaur Hunter began the quest for the Orb.
     0 | D:1      | Reached XP level 1. HP: 18/18 MP: 0/0
   174 | D:1      | Reached XP level 2. HP: 24/25 MP: 1/1
   251 | D:1      | Found a faded altar of an unknown god.
   653 | D:2      | You fall into a shaft and drop 2 floors!
   911 | D:3      | Reached XP level 3. HP: 17/31 MP: 2/2
  1068 | D:2      | Reached skill level 1 in Armour
  1178 | D:2      | Found a broken altar of Ashenzari.
  1602 | D:2      | Reached skill level 5 in Bows
  1602 | D:2      | Reached XP level 4. HP: 38/38 MP: 3/3
  2534 | D:4      | Noticed a scorpion
  2547 | D:4      | Killed a scorpion
  2548 | D:4      | Reached skill level 1 in Polearms
  2548 | D:4      | Reached XP level 5. HP: 41/46 MP: 4/4
  2851 | D:4      | Reached XP level 6. HP: 23/53 MP: 5/5
  3324 | D:4      | Identified the +10 whip of the Six Visionaries {spect,
                  | MP+9}
  3600 | D:5      | Entered Level 5 of the Dungeon
  3670 | D:5      | Reached skill level 1 in Maces & Flails
  3876 | D:5      | Reached XP level 7. HP: 53/60 MP: 6/6
  3920 | D:5      | Reached skill level 5 in Fighting
  4024 | D:5      | Found an opulent altar of Gozag.
  4531 | D:6      | Reached skill level 5 in Dodging
  4637 | D:6      | Reached XP level 8. HP: 68/70 MP: 7/7
  5089 | D:6      | Found a staircase to the Ecumenical Temple.
  5096 | D:6      | Got the Collected Works on Nocuous Dislocation
  5108 | Temple   | Entered the Ecumenical Temple
  5270 | Temple   | Became a worshipper of Warmaster Okawaru
  5725 | D:6      | Reached skill level 5 in Armour
  5963 | D:6      | Reached skill level 1 in Invocations
  6148 | D:7      | Reached * piety under Okawaru
  6200 | D:7      | Reached XP level 9. HP: 76/78 MP: 9/9
  6214 | D:7      | Reached skill level 5 in Maces & Flails
  6331 | D:7      | Noticed Prince Ribbit
  6339 | D:7      | Killed Prince Ribbit
  6377 | D:7      | Reached ** piety under Okawaru
  6410 | D:7      | Noticed Dowan
  6412 | D:7      | Noticed Duvessa
  6417 | D:7      | Killed Dowan
  6422 | D:7      | Killed Duvessa
  6768 | D:7      | Noticed a komodo dragon
  6774 | D:7      | Killed a komodo dragon
  6774 | D:7      | Reached *** piety under Okawaru
  6789 | D:7      | Noticed a six-headed hydra
  6812 | D:7      | Killed a six-headed hydra
  6812 | D:7      | Received a gift from Okawaru
  6813 | D:7      | Reached XP level 10. HP: 68/88 MP: 12/12
  7715 | D:8      | Reached **** piety under Okawaru
  8087 | D:8      | Found Nuqol's Serpentskin Sales.
  8388 | D:9      | Noticed Maurice
  8398 | D:9      | Killed Maurice
  8535 | D:9      | Noticed a two-headed ogre
  8548 | D:9      | Killed a two-headed ogre
  8548 | D:9      | Received a gift from Okawaru
  8549 | D:9      | Reached skill level 5 in Invocations
  8720 | D:9      | Received a gift from Okawaru
  8783 | D:9      | Noticed a white ugly thing
  8792 | D:9      | Killed a white ugly thing
  8793 | D:9      | Reached XP level 11. HP: 70/97 MP: 14/14
  8902 | D:9      | Reached ***** piety under Okawaru
  8931 | D:9      | Received a gift from Okawaru
  9110 | D:9      | Noticed a two-headed ogre
  9118 | D:9      | Killed a two-headed ogre
  9118 | D:9      | Received a gift from Okawaru
  9661 | D:10     | Entered Level 10 of the Dungeon
  9727 | D:10     | Received a gift from Okawaru
  9902 | D:10     | Noticed a six-headed hydra
  9908 | D:10     | Killed a six-headed hydra
  9909 | D:10     | Reached skill level 10 in Fighting
  9955 | D:10     | Found a staircase to the Orcish Mines.
 10015 | D:10     | Reached skill level 10 in Bows
 10066 | D:10     | Noticed a two-headed ogre
 10073 | D:10     | Killed a two-headed ogre
 10264 | D:10     | Found Ecuodghu's Distillery.
 10267 | D:10     | Bought a potion of heal wounds for 80 gold pieces
 10267 | D:10     | Bought a potion of ambrosia for 128 gold pieces
 10267 | D:10     | Bought a potion of mutation for 128 gold pieces
 10267 | D:10     | Bought a potion of degeneration for 16 gold pieces
 10728 | D:10     | Learned a level 2 spell: Blink
 10944 | D:11     | Found a staircase to the Lair.
 11028 | D:11     | Noticed a boulder beetle
 11043 | D:11     | Killed a boulder beetle
 11044 | D:11     | Reached XP level 12. HP: 101/107 MP: 16/16
 12158 | Lair:1   | Entered Level 1 of the Lair of Beasts
 12167 | Lair:1   | Reached skill level 10 in Armour
 12205 | Lair:1   | Received a gift from Okawaru
 12320 | Lair:1   | Found a dark tunnel.
 12330 | Volcano  | Entered a volcano
 12350 | Volcano  | Noticed a two-headed ogre
 12361 | Volcano  | Killed a two-headed ogre
 12362 | Volcano  | Reached skill level 10 in Dodging
 12369 | Volcano  | Noticed a red draconian
 12371 | Volcano  | Noticed a two-headed ogre
 12392 | Volcano  | Killed a red draconian
 12393 | Volcano  | Reached skill level 10 in Maces & Flails
 12398 | Volcano  | Killed a two-headed ogre
 12725 | Volcano  | Noticed a two-headed ogre
 12732 | Volcano  | Noticed an ogre mage
 12733 | Volcano  | Killed a two-headed ogre
 12734 | Volcano  | Noticed a two-headed ogre
 12738 | Volcano  | Killed an ogre mage
 12742 | Volcano  | Killed a two-headed ogre
 12798 | Volcano  | Noticed a two-headed ogre
 12804 | Volcano  | Killed a two-headed ogre
 13083 | Lair:1   | Noticed a seven-headed hydra
 13087 | Lair:1   | Killed a seven-headed hydra
 13558 | Lair:2   | Noticed a catoblepas
 13603 | Lair:2   | Killed a catoblepas
 13604 | Lair:2   | Reached XP level 13. HP: 93/116 MP: 18/18
 13746 | Lair:2   | Reached ****** piety under Okawaru
 13935 | Lair:2   | Received a gift from Okawaru
 14130 | Lair:2   | Identified the +0 leather armour of Tiweziox {Contam
                  | Rampage rPois Int+7}
 15099 | Lair:3   | Found a staircase to the Swamp.
 15261 | Lair:3   | Found a hole to the Spider Nest.
 16058 | Lair:4   | Received a gift from Okawaru
 16149 | Lair:4   | Found a bloodstained altar of Trog.
 16712 | Lair:5   | Received a gift from Okawaru
 17349 | Lair:5   | Found a staircase to the Slime Pits.
 17558 | Lair:6   | Entered Level 6 of the Lair of Beasts
 17587 | Lair:6   | Received a gift from Okawaru
 17750 | Lair:5   | Reached XP level 14. HP: 82/127 MP: 19/19
 18200 | Lair:6   | Received a gift from Okawaru
 18474 | Lair:6   | Noticed Nessos
 18501 | Lair:6   | Killed Nessos
 18501 | Lair:6   | Received a gift from Okawaru
 18709 | Lair:6   | Noticed a quicksilver ooze
 18716 | Lair:6   | Killed a quicksilver ooze
 18720 | Lair:6   | Received a gift from Okawaru
 19194 | Lair:6   | Reached skill level 10 in Invocations
 19580 | Lair:6   | Noticed Snorg
 19588 | Lair:6   | Killed Snorg
 20050 | Orc:1    | Entered Level 1 of the Orcish Mines
 20748 | Orc:2    | Entered Level 2 of the Orcish Mines
 20992 | Orc:2    | Noticed Jorgrun
 21001 | Orc:2    | Killed Jorgrun
 21001 | Orc:2    | Received a gift from Okawaru
 21001 | Orc:2    | Received a gift from Okawaru
 21270 | Orc:2    | Noticed Azrael
 21292 | Orc:2    | Killed Azrael
 21561 | Orc:2    | Noticed an orc warlord
 21976 | Arena    | Entered the Arena
 21989 | Arena    | Killed an orc warlord
 22277 | Orc:2    | Found a runed translucent gate.
 22307 | Orc:2    | Reached XP level 15. HP: 88/137 MP: 21/21
 22658 | Orc:2    | Found Yrus's Antique Armour Emporium.
 22660 | Orc:2    | Found Gasitt's Antique Weapon Shoppe.
 22674 | Orc:2    | Bought an ebony great mace for 379 gold pieces
 22674 | Orc:2    | Identified the +7 great mace "Oziosoy" {antimagic, rElec
                  | Dex+5} (You bought it in a shop on level 2 of the Orcish
                  | Mines)
 22699 | Orc:2    | Found a runed translucent gate.
 22699 | Orc:2    | Found a runed translucent gate.
 22720 | Orc:2    | Found a staircase to the Elven Halls.
 22866 | Orc:2    | Found Tagosh's Jewellery Shop.
 22954 | Orc:2    | Found Kiogiahu's Assorted Antiques.
 22962 | Orc:2    | Bought a scroll of identify for 78 gold pieces
 22963 | Orc:2    | Bought a scroll labelled TEOWKELINIPT for 39 gold pieces
 22980 | Orc:2    | Noticed AltoTato's ghost (journeyman DrBe)
 22980 | Orc:2    | Noticed SirDiesAlot's ghost (journeyman MiDe)
 23008 | Orc:2    | Killed SirDiesAlot's ghost
 23018 | Orc:2    | Killed AltoTato's ghost
 23657 | D:12     | HP: 5/137 [meliai (17)]
 23720 | D:12     | Found a gate leading to a gauntlet.
 23749 | Gauntlet | Entered a Gauntlet
 23749 | Gauntlet | Found a transporter.
 23990 | Gauntlet | Found a transporter.
 23993 | Gauntlet | Found a transporter.
 23994 | Gauntlet | Found a transporter.
 24002 | Gauntlet | Found a transporter.
 24005 | Gauntlet | Found a transporter.
 24006 | Gauntlet | Found a transporter.
 24016 | Gauntlet | Found a transporter.
 24018 | Gauntlet | Found a transporter.
 24019 | Gauntlet | Found a transporter.
 24027 | Gauntlet | Found a transporter.
 24030 | Gauntlet | Found a transporter.
 24031 | Gauntlet | Found a transporter.
 24040 | Gauntlet | Found a transporter.
 24329 | Gauntlet | Received a gift from Okawaru
 24469 | Gauntlet | Identified the amulet "Sejoe" {Acrobat rElec Int+3 Slay+2}
 24519 | Gauntlet | Identified the ring of Suspected Treachery {rF+ rC++ rN+
                  | Int+6}
 24577 | Gauntlet | Got Further Steps in Rites and Rhymes
 25141 | D:12     | Identified the +11 halberd "Uwiwukke" {vorpal, rPois rC+
                  | Str+6 Dex-3}
 26106 | D:13     | Found a gate to the Vaults.
 26679 | D:13     | Found Zomeg's General Store.
 26686 | D:13     | Bought a potion of curing for 57 gold pieces
 26783 | D:13     | Upgraded the game from 0.28-a0-973-ga7f8b01127 to
                  | 0.28-a0-983-g1de4e0787c
 26888 | D:10     | Bought a potion of brilliance for 64 gold pieces
 26888 | D:10     | Bought 2 potions of heal wounds for 160 gold pieces
 26888 | D:10     | Bought a potion of haste for 160 gold pieces
 27299 | D:13     | Received a gift from Okawaru
 28842 | D:15     | Entered Level 15 of the Dungeon
 29229 | D:15     | Reached XP level 16. HP: 128/147 MP: 7/23
 29727 | D:15     | Got An Early Guide to Theurgy
 29748 | D:15     | Found a staircase to the Depths.
 29833 | D:15     | Received a gift from Okawaru
 30016 | D:15     | Reached skill level 15 in Fighting
 30906 | Swamp:1  | Entered Level 1 of the Swamp
 31288 | Swamp:1  | Found a frozen archway.
 31316 | IceCv    | Entered an ice cave
 31334 | IceCv    | Received a gift from Okawaru
 32032 | IceCv    | Reached skill level 15 in Armour
 32093 | IceCv    | Received a gift from Okawaru
 32209 | IceCv    | Found the amulet of the Four Winds {rN+ Will+++ Clar}
 32219 | IceCv    | Identified the amulet "Gumiqar" {RegenMP rC- Str+8}
 34149 | Swamp:2  | Reached skill level 15 in Bows
 34763 | Swamp:2  | Noticed Kirke
 34776 | Swamp:2  | Killed Kirke
 34777 | Swamp:2  | Reached skill level 15 in Maces & Flails
 35354 | Swamp:3  | Reached XP level 17. HP: 158/158 MP: 8/25
 36047 | Spider:1 | Entered Level 1 of the Spider Nest
 36625 | Spider:1 | Received a gift from Okawaru
 37080 | Spider:1 | Received a gift from Okawaru
 37600 | Spider:2 | Received a gift from Okawaru
 37601 | Spider:2 | Reached skill level 15 in Dodging
 38792 | Spider:3 | Reached XP level 18. HP: 168/168 MP: 26/26
 38823 | Spider:3 | Received a gift from Okawaru
 39477 | Spider:3 | Received a gift from Okawaru
 39502 | Spider:3 | Identified the +0 chain mail of the Pits of Slime {rElec
                  | rC+}
 39784 | Spider:3 | Received a gift from Okawaru
 40031 | Spider:4 | Entered Level 4 of the Spider Nest
 40351 | Spider:4 | Received a gift from Okawaru
 40892 | Spider:4 | Identified the +5 chain mail "Amag" {Dex+2} (Okawaru gifted
                  | it to you on level 4 of the Spider Nest)
 40892 | Spider:4 | Received a gift from Okawaru
 41361 | Spider:4 | Reached XP level 19. HP: 177/177 MP: 9/28
 42483 | Spider:4 | Got a gossamer rune of Zot
 42695 | Swamp:4  | Entered Level 4 of the Swamp
 43015 | Orc:2    | Bought a scorched battleaxe for 379 gold pieces
 43015 | Orc:2    | Identified the +2 battleaxe of the Realm of Zot {drain,
                  | rCorr SInv} (You bought it in a shop on level 2 of the
                  | Orcish Mines)
 44414 | Swamp:4  | Noticed the 27-headed Lernaean hydra
 44717 | Swamp:4  | Noticed Roxanne
 44743 | Swamp:4  | Killed Roxanne
 44961 | Swamp:4  | Killed the 27-headed Lernaean hydra
 45358 | Swamp:4  | Got a decaying rune of Zot
 45630 | Vaults:1 | Entered Level 1 of the Vaults
 45869 | Vaults:1 | Received a gift from Okawaru
 45876 | Vaults:1 | HP: 4/177 [yaktaur[a yaktaur captain] (9)]
 46701 | Vaults:1 | You fall into a shaft and drop 1 floor!
 46890 | Vaults:2 | Received a gift from Okawaru
 47257 | Vaults:2 | Found a staircase to the Crypt.
 47988 | Vaults:2 | Received a gift from Okawaru
 48686 | Vaults:1 | Found a huge runed gate.
 48686 | Vaults:1 | Found a huge runed gate.
 48686 | Vaults:1 | Found a huge runed gate.
 48686 | Vaults:1 | Found a huge runed gate.
 48687 | Vaults:1 | Found a huge runed gate.
 48687 | Vaults:1 | Found a huge runed gate.
 48687 | Vaults:1 | Found a huge runed gate.
 48687 | Vaults:1 | Found a huge runed gate.
 48688 | Vaults:1 | Found a huge runed gate.
 48688 | Vaults:1 | Found a huge runed gate.
 48688 | Vaults:1 | Found a huge runed gate.
 48688 | Vaults:1 | Found a huge runed gate.
 48688 | Vaults:1 | Found a huge runed gate.
 48689 | Vaults:1 | Found a huge runed gate.
 48690 | Vaults:1 | Found a huge runed gate.
 48706 | Vaults:1 | Identified the +6 eveningstar of Ancient Evil {vorpal,
                  | +Blink Str+4} (Okawaru gifted it to you on level 1 of the
                  | Vaults)
 48706 | Vaults:1 | Received a gift from Okawaru
 48707 | Vaults:1 | Found a huge runed gate.
 49458 | Vaults:1 | Reached XP level 20. HP: 156/187 MP: 29/29
 49770 | Vaults:1 | Found a huge runed gate.
 49778 | Vaults:1 | Found a huge runed gate.
 49778 | Vaults:1 | Found a huge runed gate.
 49778 | Vaults:1 | Found a huge runed gate.
 49778 | Vaults:1 | Found a huge runed gate.
 49778 | Vaults:1 | Found a huge runed gate.
 49778 | Vaults:1 | Found a huge runed gate.
 49779 | Vaults:1 | Found a huge runed gate.
 49780 | Vaults:1 | Found a huge runed gate.
 49781 | Vaults:1 | Found a huge runed gate.
 49799 | Vaults:1 | Found a huge runed gate.
 49799 | Vaults:1 | Found a huge runed gate.
 49799 | Vaults:1 | Found a huge runed gate.
 49799 | Vaults:1 | Found a huge runed gate.
 49799 | Vaults:1 | Found a huge runed gate.
 49799 | Vaults:1 | Found a huge runed gate.
 49800 | Vaults:1 | Found a huge runed gate.
 49801 | Vaults:1 | Found a huge runed gate.
 49802 | Vaults:1 | Found a huge runed gate.
 49810 | Vaults:1 | Found a huge runed gate.
 50771 | Vaults:2 | Found a portal to a secret trove of treasure.
 50795 | Trove    | Entered a treasure trove
 50818 | Trove    | Found the +4 Cigotuvi's embrace {rMiasma Drain rN+}
 50822 | Trove    | Identified the +0 hat of Recklessness {MP+9}
 50841 | Trove    | Identified the amulet "Noiczedgh" {RegenMP Harm rF+ rC-
                  | Str+6}
 50849 | Trove    | Identified a scroll of acquirement
 52030 | Vaults:2 | Acquired the amulet "Daejuw" {rElec Regen+}
 52900 | Vaults:2 | Reached XP level 21. HP: 195/195 MP: 31/31
 53270 | Vaults:3 | Found Kiaton's General Store.
 53286 | Vaults:3 | Bought a wand of mindburst (8) for 144 gold pieces
 53577 | Vaults:3 | Reached skill level 15 in Invocations
 53577 | Vaults:3 | Reached skill level 1 in Evocations
 54583 | Orc:2    | Bought a jewelled ring mail for 243 gold pieces
 54583 | Orc:2    | Identified the +3 ring mail of the Eternal Fruit {Str+4}
                  | (You bought it in a shop on level 2 of the Orcish Mines)
 54583 | Orc:2    | Bought a fine leather armour for 189 gold pieces
 54583 | Orc:2    | Identified the +1 leather armour "Deka" {Harm} (You bought
                  | it in a shop on level 2 of the Orcish Mines)
 54583 | Orc:2    | Bought a faintly glowing scale mail for 243 gold pieces
 54583 | Orc:2    | Identified the +1 scale mail "Ecrekh" {rN+ Dex+3} (You
                  | bought it in a shop on level 2 of the Orcish Mines)
 54588 | Orc:2    | Learned a level 2 spell: Wereblood
 55549 | Vaults:4 | Reached skill level 1 in Transmutations
 55729 | Vaults:4 | Reached skill level 1 in Translocations
 56457 | Vaults:4 | Got the Compendium of Fiery Hexes
 56746 | Vaults:4 | Received a gift from Okawaru
 57942 | Depths:1 | Entered Level 1 of the Depths
 57942 | Depths:1 | Found a gateway to a ziggurat.
 57965 | Depths:1 | HP: 4/196 [fire giant/bolt of fire (22)]
 57967 | Depths:1 | Slain by a jiangshi (illusionary)

Illustrated notes

Levels and vault maps discovered:
D:1:      lemuel_arrival_behind_the_door_small, layout_rooms,
          dreamdust_ecumenical_altar_statues
D:2:      minmay_angry_zag, layout_rooms, basic_altar
D:3:      layout_loops_corners, kennysheep_minor_cross
D:4:      layout_loops_cross, hangedman_decor_lopped, minmay_starry_boxes
D:5:      layout_loops_ring, grunt_gozag_breadcrumbs
D:6:      layout_basic, minmay_temple_entry_offerings
D:7:      nzn_winding_woodlands_cross [nzn_winding_woodlands_5x15_parted,
          nzn_winding_woodlands_5x15_sidewinder,
          nzn_winding_woodlands_5x15_crooked,
          nzn_winding_woodlands_5x15_concentric,
          nzn_winding_woodlands_15x15_thick_spiral], layout_cave_pools,
          uniq_duvessa, uniq_prince_ribbit1
D:8:      layout_basic, serial_bayou_pond_d, minivault_4, guppyfry_shop_venom
D:9:      cheibrodos_barr_body, layout_basic, onia_ninara_cookie, uniq_maurice
D:10:     layout_basic, orc_0_dummy, serial_shops, kennysheep_mini_moat
D:11:     layout_roguey, due_lair_maze_entry_diamond, special_room
          [special_room_orc], nicolae_wwwww
D:12:     layout_roguey [special_room_bee], gauntlet_entry_generic,
          minmay_checkered_concentric_circles
D:13:     hangedman_cross_stitches, layout_irregular_city, serial_shops,
          shop_fountains, corexii_checkpoint_a
D:14:     layout_irregular_city, infiniplex_staircase_pool_2
D:15:     hangedman_depths_entry_civil_slaughter, layout_gridville,
          fountainhead, minmay_between
Temple:   mainiacjoe_temple_trianglar_array
Lair:1:   layout_misc_corridors, enter_volcano_1
Lair:2:   beast_lair_carwin_large_3, layout_cave_pods, serial_bayou_shore_b,
          grunt_megastairs_4
Lair:3:   layout_misc_corridors, minmay_swamp_entry_reptiles,
          spider_nest_entry_webs, minmay_hedge_maze, serial_bayou_pond_a
Lair:4:   layout_hall_layers, basic_altar, grunt_megastairs_1
Lair:5:   layout_small_grid, dpeg_slime_entry_corner, st_stairs_4,
          kennysheep_rathole
Lair:6:   grunt_lair_end_beastmaster, layout_misc_corridors,
          nicolae_lair_time_for_slime, uniq_snorg, uniq_nessos
Swamp:1:  layout_basic_swamp, portal_ice_cave_entry_ugly_swarm,
          nicolae_swamp_little_swirl, swamp_pool1, nicolae_swamp_super_fun_site,
          infiniplex_staircase_pool
Swamp:2:  layout_basic_swamp, evilmike_swamp_ruin_house_2,
          hangedman_swamp_diagram, nicolae_swamp_frolicking_bunyips, uniq_kirke
Swamp:3:  layout_basic_swamp, evilmike_swamp_ruin_house_5, swamp_pool5
Swamp:4:  swamp_old_school, layout_basic_swamp, uniq_roxanne
Spider:1: layout_spider_delve
Spider:2: layout_spider_delve, drop_trap
Spider:3: layout_spider_delve
Spider:4: spider_rune_water, nicolae_spider_moth_buddies
Orc:1:    minmay_goldmine, layout_diamond_mine
Orc:2:    grunt_orc_community_town_hall, layout_diamond_mine,
          grunt_orc_community_big_house_1, grunt_orc_community_big_house_2,
          grunt_orc_community_house_3, grunt_orc_community_house_1,
          grunt_orc_community_house_3, grunt_orc_community_house_2,
          gammafunk_ghost_cemetery, uniq_jorgrun, uniq_azrael
Vaults:1: not_door_vault_due, v_misc_25,
          vaults_standard_mumra_enter_the_diamond, vaults_mumra_hex,
          dpeg_vaults_monster_box, layout_vaults_quadrants
Vaults:2: v_alt_pattern_2, blue_anna_dwarven_crypt,
          nicolae_vaults_little_squares_6, v_misc_25, v_misc_4,
          ontoclasm_vaults_claustrophobia, vaults_dpeg_diagonal,
          nicolae_vaults_mini_display_case, vaults_room_boxed,
          hangedman_vaults_stream, v_misc_5, layout_vaults_omnicross,
          nicolae_trove_entry_crystal
Vaults:3: nicolae_vaults_puzzle_piece, v_misc_24,
          nicolae_vaults_little_squares_6, grunt_vaults_focal,
          vaults_mumra_hexcomb, v_misc_13, nicolae_vaults_ring_of_whatevers,
          ontoclasm_vaults_spin, layout_vaults_big_room, serial_shops, shop
Vaults:4: hangedman_vaults_stagger, nicolae_vaults_alarming,
          dpeg_vaults_monster_row, v_pattern_5,
          nicolae_vaults_stairing_the_circle, v_misc_15, ontoclasm_vaults_tryst,
          vaults_room_semicircle, layout_vaults_ring
Depths:1: layout_twisted_cross, enter_ziggurat_e, minmay_misc_feat_rows,
          grunt_mini_vestibule, abyss_entry_crystal, rand_demon_pan_entry_8,
          corexii_corridor_pit, wad_floor_pattern_untrapped,
          nicolae_tso_swordbearing_angel

Skill      XL: |  1  2  3  4  5  6  7  8  9 10 11 12 13 14 15 16 17 18 19 20 21 |
---------------+----------------------------------------------------------------+-----
Fighting       | 3 4 5 6 8 9 10 11 12 13 14 15 16 17 18 | 18.8
Dodging        | 3 4 5 6 7 8 9 10 11 12 13 14 15 16 17 | 17.4
Armour         | 1 2 3 4 5 7 8 9 11 12 13 14 15 16 17 18 | 18.5
Bows           | 5 6 7 8 9 10 11 12 13 14 15 16 17 | 17.7
Polearms       | 1 2 |  2.0
Maces & Flails | 1 3 4 6 7 9 10 11 12 14 15 16 17 18 | 18.2
Invocations    | 2 4 5 6 8 9 10 11 12 13 14 15 | 15.2
Evocations     | 2 |  2.8
Transmutations | 2 |  2.0
Translocations | 1 |  1.9
Axes           | |  0.1
Stealth        | |  0.7

Action                   |  1- 3 |  4- 6 |  7- 9 | 10-12 | 13-15 | 16-18 | 19-21 || total
-------------------------+-------+-------+-------+-------+-------+-------+-------++-------
Melee: Short sword       |    87 |    24 |       |       |       |       |       ||   111
       Headbutt          |    11 |     1 |    21 |   108 |   346 |   234 |   302 ||  1023
       Glaive            |       |    51 |       |       |       |       |       ||    51
       Hand axe          |       |    12 |       |       |       |       |       ||    12
       Whip              |       |    19 |   135 |   486 |   388 |       |       ||  1028
       Mace              |       |       |     4 |       |       |       |       ||     4
       Punch             |       |       |       |     2 |       |       |       ||     2
       Great mace        |       |       |       |       |   712 |   808 |   673 ||  2193
       Morningstar       |       |       |       |       |    78 |       |       ||    78
       Eveningstar       |       |       |       |       |       |       |   149 ||   149
 Fire: Shortbow          |       |       |       |    24 |       |       |       ||    24
       Longbow           |       |       |       |       |   152 |   306 |   418 ||   876
Throw: Javelin           |       |       |     2 |    16 |       |       |       ||    18
Invok: Heroism           |       |       |     1 |     2 |     2 |     3 |       ||     8
       Finesse           |       |       |       |     1 |     3 |     2 |     1 ||     7
       Duel              |       |       |       |       |     1 |       |       ||     1
  Use: Scroll            |       |       |       |    14 |    10 |    11 |    15 ||    50
       Potion            |       |       |       |       |     2 |     2 |     2 ||     6
 Stab: Distracted        |       |       |     2 |     4 |     9 |     1 |     1 ||    17
       Petrified         |       |       |       |     4 |     5 |       |       ||     9
       Confused          |       |       |       |       |       |     1 |       ||     1
Armor: Leather armour    |    35 |    19 |       |       |       |       |   195 ||   249
       Ring mail         |       |    23 |       |       |       |       |       ||    23
       Scale mail        |       |     8 |       |       |       |       |       ||     8
       Plate armour      |       |     3 |    61 |    98 |       |       |       ||   162
       Chain mail        |       |       |       |   168 |  1016 |  1125 |   605 ||  2914
       Troll leather arm |       |       |       |     2 |       |       |       ||     2
Dodge: Dodged            |    61 |    62 |    34 |   185 |  1068 |  1212 |  1030 ||  3652
Block: Other             |       |    13 |    29 |    47 |       |       |       ||    89
       Reflection        |       |     3 |       |     1 |       |       |       ||     4
       Buckler           |       |       |       |       |       |       |     1 ||     1

Table legend: (Time is in decaauts)
 A = Elapsed time spent in this place.
 B = Non-inter-level travel time spent in this place.
 C = Inter-level travel time spent in this place.
 D = Time resting spent in this place.
 E = Time spent auto-exploring this place.
 F = Levels seen in this place.
 G = Mean time per level.
                   A        B        C        D        E       F      G
               +--------+--------+--------+--------+--------+-----+--------+
         Total |  57400 |  53632 |   3768 |   8044 |  36186 |  42 | 1366.7 |
       Dungeon |  18886 |  17325 |   1561 |   1885 |  12516 |  15 | 1259.1 |
        Temple |    375 |    352 |     23 |      0 |    320 |   1 |  375.0 |
          Lair |   8153 |   7631 |    522 |   1150 |   5353 |   6 | 1358.8 |
         Swamp |   6318 |   5877 |    441 |    882 |   3918 |   4 | 1579.5 |
   Spider Nest |   6051 |   5786 |    265 |    257 |   4491 |   4 | 1512.8 |
  Orcish Mines |   3661 |   3330 |    331 |    512 |   2112 |   2 | 1830.5 |
        Vaults |  11419 |  10798 |    621 |   2558 |   6447 |   4 | 2854.8 |
        Depths |     23 |     23 |      0 |      0 |      0 |   1 |   23.0 |
         Trove |    122 |    122 |      0 |      0 |     19 |   1 |  122.0 |
      Ice Cave |    940 |    940 |      0 |    613 |    163 |   1 |  940.0 |
       Volcano |    596 |    596 |      0 |    157 |    319 |   1 |  596.0 |
      Gauntlet |    812 |    812 |      0 |      0 |    527 |   1 |  812.0 |
         Arena |     38 |     38 |      0 |     28 |      0 |   1 |   38.0 |
               +--------+--------+--------+--------+--------+-----+--------+

Top non-repeatable levels by time:
Vaults:1: 3612 daAuts
Vaults:2: 3394 daAuts
Vaults:4: 2785 daAuts
Spider:4: 2500 daAuts
    D:13: 2325 daAuts
   Orc:2: 2254 daAuts
 Swamp:4: 2033 daAuts
  Lair:6: 1896 daAuts
    D:15: 1870 daAuts
 Swamp:1: 1803 daAuts
  Lair:3: 1749 daAuts
Vaults:3: 1626 daAuts
    D:10: 1606 daAuts
 Swamp:2: 1478 daAuts
    D:14: 1414 daAuts
